 Dungeon Crawl Stone Soup version 0.22-a0-565-gfc6459a (webtiles) character file.

95 Hebeh the Shield-Bearer (level 4, -1/40 HPs)
             Began as a Minotaur Fighter on June 28, 2018.
             Slain by a gnoll
             ... wielding a +0 spear
              (6 damage)
             ... on level 2 of the Dungeon.
             The game lasted 00:02:09 (940 turns).

Hebeh the Shield-Bearer (Minotaur Fighter)           Turns: 940, Time: 00:02:09

Health: -1/40      AC:  7    Str: 21    XL:     4   Next: 40%
Magic:  3/3        EV:  7    Int:  5    God:
Gold:   63         SH:  9    Dex: 10    Spells: 3/3 levels left

rFire    . . .     SeeInvis .   a - +0 war axe
rCold    . . .     Gourm    .   c - +0 shield
rNeg     . . .     Faith    .   b - +0 scale mail
rPois    .         Spirit   .   (helmet restricted)
rElec    .         Reflect  .   (no cloak)
rCorr    .         Harm     .   (no gloves)
MR       .....                  (no boots)
Stlth    ..........             (no amulet)
HPRegen  0.13/turn              (no ring)
MPRegen  0.08/turn              (no ring)

@: no status effects
A: retaliatory headbutt, horns 2
a: no special abilities


You were on level 2 of the Dungeon.
You were not hungry.

You visited 1 branch of the dungeon, and saw 2 of its levels.

You collected 63 gold pieces.

Inventory:

Hand Weapons
 a - a +0 war axe (weapon)
Armour
 b - a +0 scale mail (worn)
 c - a +0 shield (worn)
Jewellery
 l - an uncursed ring of resist corrosion {unknown}
 n - an uncursed ring of protection from fire {unknown}
Scrolls
 e - a scroll of fog {unknown}
 h - a scroll of enchant weapon {unknown}
 i - a scroll of magic mapping {unknown}
 k - a scroll of identify {unknown}
Potions
 d - 2 potions of might
 j - a potion of degeneration {unknown}
 m - a potion of agility {unknown}
Comestibles
 f - 5 rations
 g - 3 chunks of flesh


   Skills:
 + Level 4.3 Fighting
 * Level 4.0 Axes
 + Level 4.3 Armour
 + Level 4.3 Shields


You had 3 spell levels left.
You didn't know any spells.
Your spell library was empty.

Dungeon Overview and Level Annotations

Branches:
Dungeon (2/15)

Altars:


Innate Abilities, Weirdness & Mutations

You reflexively headbutt those who attack you in melee.
You have a pair of horns on your head.


Message History

You hit the gnoll.
You kill the gnoll!
Your Axes skill increases to level 4!
You hit the gnoll. The gnoll hits you but does no damage.
You block the gnoll's attack. The gnoll hits you but does no damage.
Things that are here:
a halberd; a gnoll corpse You block the gnoll's attack.
You block the gnoll's attack.
Your shield prevents you from hitting the gnoll.
The gnoll is lightly wounded.
You block the gnoll's attack.
You hit the gnoll.
The gnoll is severely wounded.
You block the gnoll's attack.
You closely miss the gnoll.
The gnoll is severely wounded.
The gnoll barely misses you. The gnoll hits you with a spear.
You die...

... #.# #.. #.# ####
..###<.########.###...#
.......).....<.)......+
#.......#######รท##....# ####
#######.# #.#<..### ...#
######.## #.#...# .#.#
#...))..# #.....#
.#.########....g@.## ####..#
##.#...............# #.(...#
##.'.............#.## #.##.##
..##..........####..## #.##.#
..+...........+......###.##.#
..########....###........##.#
..########....#
#.##...........
..............# #.
#.........## ..............#
#. #..#####....


You could see a gnoll.

Vanquished Creatures
  A worker ant (D:2)
  3 gnolls (D:2)
  An adder (D:2)
  2 worms (D:2)
  A dart slug (D:1)
  2 leopard geckos (D:1)
  A ball python (D:1)
  5 bats
  2 goblins (D:1)
  2 hobgoblins (D:1)
  2 frilled lizards (D:1)
  2 kobolds
  5 rats (D:1)
29 creatures vanquished.

Vanquished Creatures (others)
  A kobold (D:2)
1 creature vanquished.

Grand Total: 30 creatures vanquished

Notes
Turn   | Place    | Note
-------+----------+-------------------------------------------
     0 | D:1      | Hebeh the Minotaur Fighter began the quest for the Orb.
     0 | D:1      | Reached XP level 1. HP: 19/19 MP: 0/0
   134 | D:1      | Reached XP level 2. HP: 26/27 MP: 1/1
   642 | D:2      | Reached XP level 3. HP: 23/33 MP: 2/2
   920 | D:2      | Reached XP level 4. HP: 40/40 MP: 3/3
   940 | D:2      | Slain by a gnoll

Vault maps used:
D:1:      nzn_arrival_water_spiral
D:2:      minmay_diamond_boxcup, grunt_qazlal_clouds, xom_teletrap_fun,
          due_unseen_surprise, uniq_sigmund

Skill      XL: |  1  2  3  4 |
---------------+-------------+-----
Axes           | 3 4 |  4.0
Fighting       | 4 |  4.3
Armour         | 4 |  4.3
Shields        | 4 |  4.3

Action                   |  1- 3 |  4- 6 || total
-------------------------+-------+-------++-------
Melee: War axe           |    60 |     8 ||    68
       Headbutt          |     6 |     2 ||     8
  Use: Potion            |     1 |       ||     1
Armor: Scale mail        |    31 |     2 ||    33
Dodge: Dodged            |    31 |     5 ||    36
Block: Shield            |    33 |    10 ||    43

Table legend:
 A = Spawn XP
 B = Non-spawn XP
 C = Spawn XP percentage of total XP
 D = Spawn monster count
 E = Non-spawn monster count
 F = Spawn count percentage of total count
 G = Total turns spent on level
                    A         B        C        D         E        F      G
               +---------+---------+-------+---------+---------+-------+---------
         Total |       0 |     137 |   0.0 |       0 |      29 |   0.0 |   940
               +---------+---------+-------+---------+---------+-------+---------
           D:1 |       0 |      32 |   0.0 |       0 |      19 |   0.0 |   610
           D:2 |       0 |     105 |   0.0 |       0 |      10 |   0.0 |   330
               +---------+---------+-------+---------+---------+-------+---------
